 Dungeon Crawl Stone Soup version 0.19.5 (webtiles) character file.

155916 Thundermex the Eclecticist (level 17, 0/100 HPs)
             Began as a Deep Elf Conjurer on Mar 26, 2017.
             Was the Champion of Vehumet.
             Shot with an arrow by a naga sharpshooter (7 damage)
             ... on level 2 of the Snake Pit on Mar 29, 2017.
             The game lasted 05:41:07 (46207 turns).

Thundermex the Eclecticist (Deep Elf Conjurer)     Turns: 46207, Time: 05:41:08

Health: 0/100      AC: 17    Str:  8    XL:     17   Next: 9%
Magic:  6/40       EV: 16    Int: 25    God:    Vehumet [******]
Gold:   1857       SH: 15    Dex: 15    Spells: 12 memorised, 11 levels left

rFire  . . .     SeeInvis .     D - staff of conjuration
rCold  x . .     Gourm    .     X - +2 robe {Archmagi}
rNeg   . . .     Faith    .     V - +3 shield {AC+3}
rPois  +         Spirit   .     M - +2 helmet
rElec  .         Reflect  +     k - +1 cloak
rCorr  .         Harm     .     u - +1 pair of gloves "Homn" {+Blink rPois rF- Stlth+}
MR     +....                    (no boots)
Stlth  ++++++....               Z - +3 amulet of reflection
                                L - +3 ring of protection
                                v - ring of fire

@: delayed fireball
A: blink
a: Blink, Renounce Religion, Release Delayed Fireball, Evoke Blink


You were on level 2 of the Snake Pit.
You worshipped Vehumet.
Vehumet was exalted by your worship.
You were not hungry.

You visited 5 branches of the dungeon, and saw 27 of its levels.

You collected 2614 gold pieces.
You spent 757 gold pieces at shops.

Inventory:

Armour
 k - a +1 cloak (worn)
 u - the +1 pair of gloves "Homn" (worn) {+Blink rPois rF- Stlth+}
   (You bought it in a shop on level 2 of the Snake Pit)

   It makes you vulnerable to fire.
   It protects you from poison.
   It lets you blink.
   It makes you more stealthy.
 J - a +2 robe of cold resistance
 M - a +2 helmet (worn)
 P - the +0 robe of Discretion {+Inv Str+2}
   (You found it on level 5 of the Lair of Beasts)

   It affects your strength (+2).
   It lets you turn invisible.
 V - a +3 shield of protection (worn)
 W - a +2 robe of magic resistance
 X - a +2 robe of the Archmagi (worn)
Magical Staves
 D - an uncursed staff of conjuration (weapon)
 H - an uncursed staff of wizardry
Jewellery
 v - a ring of fire (left hand)
 L - a +3 ring of protection (right hand)
 T - an uncursed ring of poison resistance
 Z - a +3 amulet of reflection (around neck)
Wands
 e - a wand of iceblast (8/15)
 f - a wand of hasting (8/9)
 F - a wand of paralysis (10/24)
 G - a wand of slowing (29/48)
 Y - a wand of digging (15/24)
Scrolls
 d - 8 scrolls of remove curse
 g - 4 scrolls of identify
 h - 4 scrolls of magic mapping
 i - a scroll of enchant weapon
 m - 4 scrolls of amnesia
 p - a scroll of recharging
 t - 15 scrolls of teleportation
 I - a scroll of holy word
 U - a scroll of summoning
Potions
 a - a potion of heal wounds
 j - 6 potions of brilliance
 q - 4 potions of agility
 r - 10 potions of curing
 s - a potion of mutation
 w - 2 potions of might
 x - 4 potions of lignification
 O - a potion of cancellation
Books
 b - a book of Conjurations

   Spells                             Type                      Level
   a - Magic Dart                     Conjuration                  1
   b - Searing Ray                    Conjuration                  2
   c - Dazzling Spray                 Conjuration/Hexes            3
   d - Fulminant Prism                Conjuration/Hexes            4
   e - Iskenderun's Mystic Blast      Conjuration                  4
   f - Iskenderun's Battlesphere      Conjuration/Charms           5
 y - a book of Battle

   Spells                             Type                      Level
   a - Infusion                       Charms                       1
   b - Shroud of Golubria             Charms/Translocation         2
   c - Song of Slaying                Charms                       2
   d - Spectral Weapon                Hexes/Charms                 3
   e - Regeneration                   Charms/Necromancy            3
 C - a book of Maledictions

   Spells                             Type                      Level
   a - Corona                         Hexes                        1
   b - Ensorcelled Hibernation        Hexes/Ice                    2
   c - Confuse                        Hexes                        3
   d - Tukima's Dance                 Hexes                        3
   e - Dazzling Spray                 Conjuration/Hexes            3
 N - a book of Flames

   Spells                             Type                      Level
   a - Flame Tongue                   Conjuration/Fire             1
   b - Throw Flame                    Conjuration/Fire             2
   c - Conjure Flame                  Conjuration/Fire             3
   d - Inner Flame                    Hexes/Fire                   3
   e - Sticky Flame                   Conjuration/Fire             4
   f - Fireball                       Conjuration/Fire             5
 Q - a book of Beasts

   Spells                             Type                      Level
   a - Summon Butterflies             Summoning                    1
   b - Call Canine Familiar           Summoning                    3
   c - Summon Ice Beast               Ice/Summoning                4
   d - Summon Mana Viper              Hexes/Summoning              5
   e - Summon Hydra                   Summoning                    7
 S - a book of Debilitation

   Spells                             Type                      Level
   a - Corona                         Hexes                        1
   b - Slow                           Hexes                        2
   c - Gell's Gravitas                Hexes/Translocation          3
   d - Inner Flame                    Hexes/Fire                   3
   e - Cause Fear                     Hexes                        4
   f - Leda's Liquefaction            Hexes/Earth                  4
Miscellaneous
 l - a lamp of fire
 A - a phial of floods (inert)
Comestibles
 c - 9 bread rations
 n - 10 meat rations
 o - a chunk of flesh
 z - 6 beef jerkies
 B - a slice of pizza
 E - 4 fruits
 K - a royal jelly


   Skills:
 - Level 9.6 Fighting
 - Level 2.9 Armour
 - Level 8.3 Dodging
 - Level 11.2 Stealth
 + Level 6.4 Shields
 - Level 17.6 Spellcasting
 + Level 14.2 Conjurations
 - Level 1.3 Hexes
 - Level 10.9 Charms
 - Level 1.3 Necromancy
 * Level 17.0 Fire Magic
 - Level 1.3 Evocations


You had 11 spell levels left.
You knew the following spells:

 Your Spells              Type           Power        Failure   Level  Hunger
a - Magic Dart            Conj           ####         1%          1    None
b - Searing Ray           Conj           ######       1%          2    None
c - Iskenderun's Mystic   Conj           ########     1%          4    None
d - Fulminant Prism       Conj/Hex       #######...   1%          4    None
e - Flame Tongue          Conj/Fire      #####        0%          1    None
f - Regeneration          Chrm/Necr      ######....   1%          3    None
g - Iskenderun's Battles  Conj/Chrm      ########     1%          5    None
h - Ignite Poison         Fire/Tmut/Pois #######.     1%          3    None
i - Fireball              Conj/Fire      ########..   1%          5    None
j - Conjure Flame         Conj/Fire      ########     1%          3    None
k - Orb of Destruction    Conj           ########..   4%          7    #####..
l - Delayed Fireball      Conj/Fire      N/A          3%          7    #####..


Dungeon Overview and Level Annotations

Branches:
Dungeon (15/15)            Temple (1/1) D:4            Lair (6/6) D:10
 Shoals (0/4) Lair:2        Snake (3/4) Lair:2        Slime (0/5) Lair:5
    Orc (2/2) D:10            Elf (0/3) Orc:2        Vaults (0/5) D:13
 Depths (0/5) D:15

Altars:
Ashenzari
Cheibriados
Dithmenos
Elyvilon
Fedhas
Gozag
Hepliaklqana
Kikubaaqudgha
Makhleb
Nemelex Xobeh
Okawaru
Qazlal
Ru
Sif Muna
Trog
Uskayaw
Vehumet
Xom
Yredelemnul
Zin
The Shining One
Beogh
Jiyva

Shops:
D:9 [   Orc:1 (   Orc:2 :*}*   Snake:2 *

Annotations:
D:3 Goboxel's ghost, amateur HuFi
Lair:5 1 runed door


Innate Abilities, Weirdness & Mutations

You can translocate small distances at will.


Message History

You feel a huge surge of power!
The flame tongue hits the shock serpent.
You kill the shock serpent!
Vehumet accepts your kill.
You feel your power returning.
The air sparks with electricity, shocking you!
* * * LOW HITPOINT WARNING * * *
Unknown command.
You start resting.
A naga sharpshooter comes into view. It is wielding a dire flail.
The naga sharpshooter shouts!
You hear an angry hiss.
The naga sharpshooter unwields an uncursed dire flail.
The naga sharpshooter wields an uncursed glowing shortbow.
It is covered in frost.
The naga sharpshooter casts a spell.
The naga sharpshooter magically shoots an arrow.
The arrow hits you!
* * * LOW HITPOINT WARNING * * *
The arrow freezes you!
You die...

### ##########.....[### ##....
## ###### #.......).## ###..
.###....### ###.....)[...### ##.
.##.......###..............## ##
.#...............†..........###
#
.......................###....##
............####.......#
##....## ###.......### #......##
##....# #..[...#### #@######
##.... ##.....##.# #.# ###..
####.......## #)†.# ##.
#.###....### ##†## ## #..##>..##
#.# ##..((?##### ..N # ##..(.##
#.# #.# # #.....####.# #)#
.......##..# ?.$


You could see a naga sharpshooter.

Vanquished Creatures
  Vashnia (Snake:2)
  Nikola (Snake:2)
  Frances (Snake:2)
  A sphinx (D:15)
  Gastronok (D:10)
  Kirke (Lair:4)
  A nagaraja (Snake:2)
  Louise (D:14)
  Aizul (Snake:2)
  A stone giant (D:10)
  Snorg (Lair:6)
  An ettin (Orc:2)
  A rakshasa (D:15)
  A yaktaur captain (D:15)
  6 hydras
  5 naga warriors
  Erica (D:11)
  A merfolk avatar (Lair:6)
  6 anacondas
  5 centaur warriors
  2 tengu warriors (D:11)
  An ogre mage (D:13)
  7 shock serpents
  Urug (Lair:4)
  Sonja (Lair:4)
  5 naga sharpshooters
  3 skeletal warriors (D:15)
  A sea snake (Lair:6)
  A glowing orange brain (D:15)
  9 hill giants
  3 unseen horrors
  Pikel (D:6)
  6 mana vipers
  4 naga ritualists
  2 harpies
  3 deep elf magi
  An orc knight (D:15)
  11 orc sorcerers
  Maurice (D:9)
  14 ugly things
  4 manticores
  Joseph (D:7)
  3 cyclopes
  7 salamanders
  17 elephants
  A centaur zombie (D:10)
  7 naga magi
  31 black mambas
  A gargoyle (D:14)
  2 guardian serpents (Snake:1)
  2 centaur skeletons (D:15)
  12 spiny frogs
  An efreet (D:15)
  9 rime drakes
  A freezing wraith (D:14)
  A kobold demonologist (D:12)
  13 komodo dragons
  7 trolls
  4 two-headed ogres
  3 meliai (D:15)
  6 polar bears
  2 wind drakes (Lair:6)
  24 blink frogs
  16 slime creatures
  A raiju (shapeshifter) (D:15)
  10 hippogriffs
  5 hornets
  A dream sheep (shapeshifter) (D:15)
  A blink frog (shapeshifter) (D:15)
  Sigmund (D:5)
  3 water elementals (D:11)
  37 yaks
  A vampire (D:13)
  A basilisk (D:14)
  11 wyverns
  3 hogs (Lair:4)
  A steam dragon (D:10)
  Eustachio (D:6)
  7 hungry ghosts
  A vampire mosquito (D:15)
  10 wargs
  28 nagas
  2 mottled dragons (D:15)
  28 water moccasins
  10 porcupines
  3 sky beasts
  5 ice beasts
  18 orc warriors
  20 ogres
  5 boggarts (D:15)
  4 phantoms
  10 wolves (Lair:6)
  A wolf (shapeshifter) (D:15)
  13 centaurs
  17 crocodiles
  6 big kobolds
  28 bullfrogs
  A gnoll sergeant (D:5)
  A wyvern zombie (D:12)
  5 scorpions
  4 killer bees (D:8)
  12 wights
  5 howler monkeys
  8 electric eels (D:11)
  4 crimson imps
  A quasit (D:10)
  5 hounds
  2 bullfrog zombies
  14 orc priests
  4 jellies
  Crazy Yiuf (D:6)
  43 orc wizards
  Terence (D:3)
  A bullfrog skeleton (D:11)
  6 iguanas
  5 worker ants
  A hound zombie (D:5)
  2 hound skeletons
  Robin (D:3)
  A howler monkey zombie (D:10)
  A worker ant zombie (D:11)
  7 gnolls
  20 adders
  5 shadow imps
  An ooze (D:7)
  An adder skeleton (D:5)
  2 worms
  3 dart slugs
  8 leopard geckos
  98 orcs
  10 bats
  10 giant cockroaches
  19 goblins
  10 hobgoblins
  6 jackals
  7 quokkas
  2 ball pythons
  3 frilled lizards
  19 kobolds
  A leopard gecko skeleton (D:8)
  3 rats
  A fungus (Lair:3)
948 creatures vanquished.

Vanquished Creatures (collateral kills)
  Harold (Lair:3)
1 creature vanquished.

Vanquished Creatures (others)
  A yaktaur captain (D:15)
  2 humans (Lair:4)
  A centaur (D:13)
  A hornet simulacrum (D:15)
  A bush (Lair:6)
  21 fulminant prisms
  20 fungi
  46 plants
93 creatures vanquished.

Grand Total: 1042 creatures vanquished

Notes
Turn   | Place    | Note
-------+----------+-------------------------------------------
     0 | D:1      | Thundermex the Deep Elf Conjurer began the quest for the Orb.
     0 | D:1      | Reached XP level 1. HP: 10/10 MP: 6/6
   136 | D:1      | Reached XP level 2. HP: 15/15 MP: 6/8
   339 | D:1      | Reached skill level 5 in Conjurations
   980 | D:2      | Reached XP level 3. HP: 19/19 MP: 6/9
  1100 | D:2      | Learned a level 2 spell: Searing Ray
  1523 | D:2      | Reached XP level 4. HP: 24/24 MP: 2/11
  2161 | D:3      | Noticed Robin
  2394 | D:3      | Killed Robin
  2578 | D:3      | Reached XP level 5. HP: 28/28 MP: 8/13
  3327 | D:3      | Noticed Terence
  3486 | D:3      | Killed Terence
  3625 | D:3      | Noticed Goboxel's ghost (amateur HuFi)
  3753 | D:4      | Reached skill level 5 in Spellcasting
  4328 | D:4      | Reached XP level 6. HP: 32/32 MP: 7/16
  4412 | D:4      | Learned a level 4 spell: Iskenderun's Mystic Blast
  4662 | D:4      | Found a staircase to the Ecumenical Temple.
  4692 | Temple   | Entered the Ecumenical Temple
  4822 | Temple   | Became a worshipper of Vehumet
  5110 | D:4      | Reached XP level 7. HP: 36/36 MP: 11/19
  5380 | D:5      | Entered Level 5 of the Dungeon
  5973 | D:5      | Reached * piety under Vehumet
  5973 | D:5      | Offered knowledge of Freeze by Vehumet.
  6399 | D:5      | Reached XP level 8. HP: 33/41 MP: 23/23
  6743 | D:5      | Noticed Sigmund
  6750 | D:5      | Killed Sigmund
  7200 | D:6      | Learned a level 4 spell: Fulminant Prism
  7294 | D:6      | Noticed Eustachio
  7302 | D:6      | Killed Eustachio
  7383 | D:6      | Reached skill level 1 in Fighting
  7418 | D:6      | Found a runed door.
  7493 | D:6      | Reached skill level 10 in Spellcasting
  7714 | D:6      | Noticed Pikel
  7722 | D:6      | Killed Pikel
  7722 | D:6      | Reached skill level 1 in Evocations
  7722 | D:6      | Reached XP level 9. HP: 34/48 MP: 10/25
  7846 | D:6      | Gained mutation: Armour fits poorly on your strangely shaped body. [potion of mutation]
  7846 | D:6      | Gained mutation: You can translocate small distances at will. [potion of mutation]
  7846 | D:6      | Gained mutation: Your muscles are strong. (Str +2) [potion of mutation]
  8357 | D:6      | Noticed Crazy Yiuf
  8360 | D:6      | Killed Crazy Yiuf
  8364 | D:6      | Lost mutation: Armour fits poorly on your strangely shaped body. [potion of cure mutation]
  8364 | D:6      | Lost mutation: Your muscles are strong. (Str +2) [potion of cure mutation]
  8631 | D:7      | Reached ** piety under Vehumet
  8631 | D:7      | Offered knowledge of Flame Tongue by Vehumet.
  8664 | D:7      | Learned a level 1 spell: Flame Tongue
  8667 | D:7      | Noticed Joseph
  8958 | D:7      | Reached skill level 1 in Fire Magic
  9089 | D:7      | Killed Joseph
  9514 | D:7      | Reached skill level 5 in Dodging
 10129 | D:8      | Reached XP level 10. HP: 56/56 MP: 24/28
 10375 | D:8      | Reached skill level 10 in Conjurations
 10720 | D:8      | Offered knowledge of Inner Flame by Vehumet.
 10725 | D:8      | Learned a level 3 spell: Regeneration
 11325 | D:10     | Entered Level 10 of the Dungeon
 11325 | D:10     | Noticed a hill giant
 11526 | D:9      | Reached *** piety under Vehumet
 11736 | D:9      | Reached skill level 1 in Charms
 11736 | D:9      | Reached skill level 1 in Necromancy
 11888 | D:9      | Learned a level 5 spell: Iskenderun's Battlesphere
 12145 | D:9      | Found Viwydeet's Antique Armour Boutique.
 12252 | D:9      | Offered knowledge of Ignite Poison by Vehumet.
 12455 | D:9      | Learned a level 3 spell: Ignite Poison
 12483 | D:10     | Noticed Maurice
 12491 | D:9      | Killed Maurice
 12701 | D:9      | Reached skill level 5 in Stealth
 12904 | D:10     | Killed a hill giant
 12904 | D:10     | Reached skill level 5 in Fire Magic
 12904 | D:10     | Reached XP level 11. HP: 62/62 MP: 8/30
 13075 | D:10     | Found a staircase to the Orcish Mines.
 13109 | D:10     | Noticed Gastronok
 13126 | Orc:1    | Entered Level 1 of the Orcish Mines
 13176 | D:10     | Reached skill level 1 in Armour
 13178 | D:10     | Reached **** piety under Vehumet
 13363 | D:10     | Found a staircase to the Lair.
 13369 | D:10     | Reached skill level 5 in Fighting
 13372 | D:10     | Offered knowledge of Lee's Rapid Deconstruction by Vehumet.
 14104 | D:10     | Noticed a hill giant
 14183 | D:10     | Killed a hill giant
 14290 | D:10     | Killed Gastronok
 14444 | Lair:1   | Entered Level 1 of the Lair of Beasts
 14521 | Lair:1   | Learned a level 5 spell: Fireball
 15168 | Lair:1   | You fall through a shaft!
 15481 | Lair:1   | Reached skill level 15 in Spellcasting
 15611 | Lair:1   | Learned a level 3 spell: Conjure Flame
 16099 | Lair:2   | Found a staircase to the Snake Pit.
 16115 | Lair:2   | Reached XP level 12. HP: 69/70 MP: 14/33
 16418 | Lair:2   | Found a staircase to the Shoals.
 16651 | Lair:2   | Noticed an eight-headed hydra
 16657 | Lair:2   | Killed an eight-headed hydra
 16914 | Lair:3   | Noticed Harold
 17360 | Lair:3   | Killed Harold
 17604 | Lair:3   | Reached ***** piety under Vehumet
 18056 | Lair:2   | Reached skill level 1 in Hexes
 18280 | Lair:2   | Offered knowledge of Orb of Destruction by Vehumet.
 18491 | Lair:2   | Reached skill level 5 in Charms
 18702 | Lair:3   | Learned a level 7 spell: Orb of Destruction
 19735 | Lair:4   | Noticed Urug
 19893 | Lair:4   | Killed Urug
 20101 | Lair:4   | Noticed Kirke
 20113 | Lair:4   | Killed Kirke
 20113 | Lair:4   | Reached XP level 13. HP: 76/76 MP: 5/35
 20319 | Lair:4   | Noticed Sonja
 20320 | Lair:4   | Reached skill level 10 in Fire Magic
 20322 | Lair:4   | Killed Sonja
 21489 | Lair:4   | Offered knowledge of Conjure Ball Lightning by Vehumet.
 22285 | Lair:5   | Found a runed door.
 22285 | Lair:5   | Found a viscous altar of Jiyva.
 22293 | Lair:5   | Noticed an azure jelly
 22302 | Lair:5   | Found a staircase to the Slime Pits.
 22452 | Lair:5   | Got an ominously black robe
 22453 | Lair:5   | Identified the +0 robe of Discretion {+Inv Str+2} (You found it on level 5 of the Lair of Beasts)
 22598 | Lair:6   | Entered Level 6 of the Lair of Beasts
 23985 | Lair:6   | Noticed Snorg
 23993 | Lair:6   | Killed Snorg
 24574 | Lair:6   | Reached XP level 14. HP: 83/83 MP: 10/37
 24946 | Lair:6   | Offered knowledge of Irradiate by Vehumet.
 26909 | Lair:6   | Reached skill level 10 in Charms
 28147 | Orc:1    | Found Xocaj's Weapon Shoppe.
 28178 | Orc:1    | Noticed a stone giant
 28338 | D:10     | Killed a stone giant
 28512 | Orc:2    | Entered Level 2 of the Orcish Mines
 28664 | Orc:2    | Found a staircase to the Elven Halls.
 29230 | Orc:2    | Offered knowledge of Yara's Violent Unravelling by Vehumet.
 30589 | Orc:2    | Found a roughly hewn altar of Beogh.
 30612 | Orc:2    | Found Jieskiav's Assorted Antiques.
 30612 | Orc:2    | Found Joittoeng's Book Emporium.
 30831 | Orc:2    | Found Xufazufy's Assorted Antiques.
 30831 | Orc:2    | Found Godadaz's Gadget Emporium.
 30997 | Orc:2    | Bought a papyrus book for 405 gold pieces
 32614 | D:11     | Offered knowledge of Delayed Fireball by Vehumet.
 32908 | D:11     | Reached XP level 15. HP: 82/89 MP: 20/38
 33167 | D:11     | Noticed Erica
 33174 | D:11     | Killed Erica
 33199 | D:11     | Learned a level 7 spell: Delayed Fireball
 34425 | D:12     | Reached skill level 1 in Shields
 35367 | D:13     | Found an opulent altar of Gozag.
 35651 | D:13     | Found a gate to the Vaults.
 35711 | D:13     | Reached skill level 10 in Stealth
 36679 | D:15     | Entered Level 15 of the Dungeon
 37301 | D:15     | Offered knowledge of Ozocubu's Refrigeration by Vehumet.
 37554 | D:15     | test
 37842 | D:14     | Noticed Louise
 37857 | D:14     | Found a shimmering altar of Xom.
 38271 | D:15     | Found a staircase to the Depths.
 38357 | D:15     | Noticed a sphinx
 38360 | D:15     | Killed a sphinx
 39227 | D:14     | Reached XP level 16. HP: 96/96 MP: 29/39
 39600 | D:14     | Killed Louise
 40152 | Snake:1  | Entered Level 1 of the Snake Pit
 40338 | Snake:1  | Offered knowledge of Bolt of Cold by Vehumet.
 40419 | Snake:1  | Reached skill level 15 in Fire Magic
 41908 | Snake:1  | Reached skill level 5 in Shields
 42730 | Snake:2  | Noticed Vashnia
 43439 | Snake:2  | Noticed Nikola
 44813 | Snake:2  | Noticed Frances
 45118 | Snake:2  | Noticed Aizul
 45128 | Snake:2  | Killed Aizul
 45592 | Snake:2  | Killed Nikola
 45746 | Snake:2  | Killed Vashnia
 45972 | Snake:2  | Found Yteyde's General Store.
 45981 | Snake:2  | Bought the +1 pair of gloves "Homn" {+Blink rPois rF- Stlth+} for 352 gold pieces
 46044 | Snake:2  | Killed Frances
 46044 | Snake:2  | Reached XP level 17. HP: 93/100 MP: 26/40
 46189 | Snake:2  | Reached ****** piety under Vehumet
 46207 | Snake:2  | Shot with an arrow by a naga sharpshooter

Skill      XL: |  1  2  3  4  5  6  7  8  9 10 11 12 13 14 15 16 17 |
---------------+----------------------------------------------------+-----
Conjurations   | 5 6 7 9 10 11 12 14 | 14.2
Stealth        | 3 4 5 6 9 11 | 11.2
Dodging        | 3 4 5 7 8 |  8.3
Spellcasting   | 4 5 7 9 10 12 13 15 16 17 | 17.6
Fighting       | 2 3 4 6 7 8 9 |  9.6
Evocations     | 1 |  1.3
Fire Magic     | 2 5 7 9 11 13 14 16 17 | 17.0
Charms         | 1 4 6 9 10 | 10.9
Necromancy     | 1 |  1.3
Armour         | 2 |  2.9
Hexes          | 1 |  1.3
Shields        | 3 6 |  6.4

Action                   |  1- 3 |  4- 6 |  7- 9 | 10-12 | 13-15 | 16-18 || total
-------------------------+-------+-------+-------+-------+-------+-------++-------
Melee: Staff             |       |       |       |     9 |    30 |     1 ||    40
 Cast: Magic Dart        |    70 |   114 |   164 |    86 |   116 |    26 ||   576
       Searing Ray       |     1 |    14 |    35 |    32 |     8 |       ||    90
       Iskenderun's Myst |       |       |    16 |   107 |   386 |   139 ||   648
       Flame Tongue      |       |       |    13 |   272 |   470 |    98 ||   853
       Regeneration      |       |       |       |    10 |     1 |       ||    11
       Iskenderun's Batt |       |       |       |    58 |   168 |    52 ||   278
       Fulminant Prism   |       |       |       |     4 |    15 |     2 ||    21
       Fireball          |       |       |       |     9 |    36 |    14 ||    59
       Orb of Destructio |       |       |       |     1 |     6 |    14 ||    21
       Conjure Flame     |       |       |       |     1 |       |       ||     1
       Delayed Fireball  |       |       |       |       |     1 |     1 ||     2
 Abil: Blink             |       |       |    10 |       |       |     4 ||    14
       Evoke Blink       |       |       |       |       |       |     4 ||     4
       Release Delayed F |       |       |       |       |       |     1 ||     1
Evoke: Wand              |       |     1 |     4 |     4 |    11 |     3 ||    23
       Phial of floods   |       |       |       |     2 |     1 |     1 ||     4
  Use: Potion            |       |     6 |     5 |     2 |     7 |       ||    20
       Scroll            |       |       |     8 |    10 |    17 |     5 ||    40
  Eat: Chunk             |     2 |    11 |     9 |    24 |    53 |    11 ||   110
       Bread ration      |       |       |     2 |     3 |     1 |     2 ||     8
       Beef jerky        |       |       |       |       |     1 |     1 ||     2
       Fruit             |       |       |       |       |     2 |     4 ||     6
       Pizza             |       |       |       |       |     1 |     1 ||     2
Armor: Robe              |     3 |     4 |    12 |    11 |    25 |    27 ||    82
       Skin              |       |       |     1 |       |     1 |       ||     2
       Troll leather arm |       |       |       |    36 |    57 |       ||    93
Dodge: Dodged            |     8 |    13 |    37 |   160 |   224 |    44 ||   486
Block: Shield            |       |       |       |       |    59 |    74 ||   133
       Reflection        |       |       |       |       |    17 |     6 ||    23
